 Dungeon Crawl Stone Soup version 0.31-a0-949-g57150269e1 (webtiles) character file.

Game seed: 12133131203055214417

896 croobank the Firebug (level 7, -4/52 HPs)
             Began as a Demonspawn Fire Elementalist on Oct 22, 2023.
             Was an Initiate of Gozag.
             Killed from afar by Pikel (13 damage)
             ... with a puff of flame
             ... on level 6 of the Dungeon.
             The game lasted 00:13:20 (5285 turns).

croobank the Firebug (Demonspawn Fire Elementalist) Turns: 5285, Time: 00:13:21

Health: -4/52      AC: 17    Str:  8    XL:     7   Next: 79%
Magic:  4/11       EV: 12    Int: 18    God:    Gozag
Gold:   731        SH:  0    Dex: 14    Spells: 7/12 levels left

rFire   . . .        b - +6 sling
rCold   + . .        (no shield)
rNeg    . . .        y - +2 leather armour {rC+}
rPois   .            h - +0 helmet
rElec   .            x - +0 cloak
rCorr   .            o - +0 pair of gloves
SInv    .            (no boots)
Will    .....        k - amulet of regeneration
Stlth   ++           (no ring)
HPRegen 1.08/turn    (no ring)
MPRegen 0.12/turn

%: no passive effects
@: sanguine armoured, studying Long Blades
A: spiny 1, sanguine armour 2
a: Renounce Religion, Potion Petition, Call Merchant, Bribe Branch


You were on level 6 of the Dungeon.
You worshipped Gozag.
Gozag was pleased with you.
You visited 1 branch of the dungeon, and saw 6 of its levels.

You collected 731 gold pieces.

Inventory:

Hand Weapons
 b - a +6 sling (weapon)
 d - a +2 dagger of speed
 n - a +1 dagger of flaming
 s - a +0 falchion
Missiles
 e - 12 boomerangs
 j - 2 throwing nets
Armour
 a - a +0 robe
 c - a +0 ring mail
 g - a +0 buckler
 h - a +0 helmet (worn)
 o - a +0 pair of gloves (worn)
 r - a +1 leather armour of fire resistance
 x - a +0 cloak (worn)
 y - a +2 leather armour of cold resistance (worn)
Jewellery
 k - an amulet of regeneration (around neck)
 l - a +4 ring of protection
Wands
 q - a wand of mindburst (11)
Scrolls
 i - a scroll of vulnerability
 w - 2 scrolls of blinking
 z - a scroll of amnesia
Potions
 f - a potion of haste
 m - a potion of enlightenment
 p - 2 potions of curing
 t - a potion of attraction
 u - a potion of invisibility
 v - 2 potions of heal wounds


   Skills:
 * Level 3.4 Fighting
 * Level 2.9 Ranged Weapons
 + Level 3.3 Dodging
 + Level 3.3 Stealth
 + Level 3.2 Spellcasting
 + Level 2.8 Conjurations
 * Level 2.1 Transmutations
 + Level 3.9 Fire Magic


You had 7 spell levels left.
You knew the following spells:

 Your Spells              Type           Power      Damage    Failure   Level
a - Foxfire               Conj/Fire      60%        2x1d7     6%          1
b - Scorch                Fire           32%        2d6       7%          2
w - Wereblood             Tmut           10%        N/A       16%         2

Your spell library contained the following spells:

 Spells                   Type           Power      Damage    Failure   Level
 Apportation              Tloc           4%         N/A       24%         1
 Slow                     Hex            8%         N/A       24%         1
 Inner Flame              Hex/Fire       9%         N/A       30%         3
 Volatile Blastmotes      Fire/Tloc      18%        2d11      30%         3
 Flame Wave               Conj/Fire      15%        2d7       50%         4
 Confusing Touch          Hex            2%         N/A       56%         3
 Frozen Ramparts          Ice            4%         1d1       56%         3
 Sigil of Binding         Hex            2%         N/A       56%         3
 Vampiric Draining        Necr           2%         2d6       56%         3
 Petrify                  Tmut/Erth      6%         N/A       83%         4
 Irradiate                Conj/Tmut      5%         3d13      93%         5
 Metabolic Englaciation   Hex/Ice        1%         N/A       100%        5


Dungeon Overview and Level Annotations

Branches:
Dungeon (6/15)
 Temple: D:4-7

Altars:
Gozag
Kikubaaqudgha
Qazlal
Sif Muna
Trog
Vehumet

Shops:
D:2 (

Annotations:
D:6 Pikel


Innate Abilities, Weirdness & Mutations

You are partially covered in sharp spines.
When seriously injured, your blood forms thick armour. (AC +9)


Message History

Pikel hits you with a +0 whip of electrocution.
Your blood congeals into armour.
Fire: b) +6 sling
Press: ? - help, Q - select action, (/) - cycle Shift-Dir - straight line, f/p - Pikel
Aim: Pikel, wielding a +0 whip of electrocution, wearing a +0 robe and carrying a wand of flame (heavily wounded, more vulnerable to fire, 59% to hit)
You shoot a sling bullet. The sling bullet hits Pikel.
Pikel is severely wounded.
An orc comes into view. It is wielding a +0 mace.
A lemure comes into view.
Pikel zaps a wand.
The puff of flame hits you. The lemure closely misses you.
The lemure hits you but does no damage.
Fire: b) +6 sling
Press: ? - help, Q - select action, (/) - cycle Shift-Dir - straight line, f/p - Pikel
Aim: Pikel, wielding a +0 whip of electrocution, wearing a +0 robe and carrying a wand of flame (severely wounded, more vulnerable to fire, 59% to hit)
You shoot a sling bullet. The sling bullet hits Pikel.
Pikel is severely wounded.
Pikel is no longer more vulnerable to fire.
Pikel hits you with a +0 whip of electrocution!
The lemure is struck by your spines. The lemure hits you but does no damage.
The lemure is struck by your spines. The lemure hits you but does no damage.
Fire: b) +6 sling
Press: ? - help, Q - select action, (/) - cycle Shift-Dir - straight line, f/p - Pikel
Aim: Pikel, wielding a +0 whip of electrocution, wearing a +0 robe and carrying a wand of flame (severely wounded, 59% to hit)
You shoot a sling bullet. The sling bullet closely misses Pikel.
The sling bullet hits the centaur!
The centaur is heavily wounded.
Pikel cracks his whip.
Pikel hits you with a +0 whip of electrocution!
* * * LOW HITPOINT WARNING * * *
The lemure is struck by your spines. The lemure hits you but does no damage.
The lemure hits you.
* * * LOW HITPOINT WARNING * * *
The lemure is struck by your spines. The lemure closely misses you.
The lemure hits you.
* * * LOW HITPOINT WARNING * * *
The lemure hits you but does no damage.
Pikel zaps a wand.
The puff of flame hits you!
You die...
Pikel says, "See you in Hell!"
Your body crumbles into a pile of gold.

#### ###..##
#.....##
#<5@.#
##5K5##
##co.# ##..#
5....#
:5......#
..K........?
............
.###.........


You could see Pikel, 3 lemures, a centaur and an orc.

Vanquished Creatures
  An orc warrior (D:5)
  An ogre (D:5)
  A bullfrog (D:5)
  3 scorpions
  4 orc priests (D:5)
  A hound (D:3)
  A sleepcap (D:5)
  3 orc wizards (D:5)
  Ijyb (D:4)
  Robin (D:2)
  4 gnolls (D:5)
  5 adders
  2 ufetubi (D:5)
  A worm (D:5)
  A dart slug (D:2)
  13 orcs
  5 ball pythons
  9 endoplasms
  3 giant cockroaches
  8 hobgoblins
  10 jackals
  A quokka (D:4)
  5 bats
  4 frilled lizards
  9 goblins
  5 kobolds
  7 rats
109 creatures vanquished.

Vanquished Creatures (others)
  An arcanist (D:3)
  91 foxfires
92 creatures vanquished.

Grand Total: 201 creatures vanquished

Notes
Turn   | Place    | Note
-------+----------+-------------------------------------------
     0 | D:1      | croobank the Demonspawn Fire Elementalist began the quest
                  | for the Orb.
     0 | D:1      | Reached XP level 1. HP: 13/13 MP: 3/3
   287 | D:1      | Gained mutation: When seriously injured, your blood forms
                  | armour. (AC +9) [demonic ancestry]
   287 | D:1      | Reached XP level 2. HP: 8/19 MP: 1/5
   297 | D:1      | Learned a level 2 spell: Scorch
  1079 | D:1      | Found a faded altar of an unknown god.
  1089 | D:1      | Prayed at the altar of an unknown god.
  1089 | D:1      | Became a worshipper of Gozag Ym Sagoz the Greedy
  1466 | D:2      | Noticed Robin
  1470 | D:2      | Gained mutation: You are partially covered in sharp spines.
                  | [demonic ancestry]
  1470 | D:2      | Reached XP level 3. HP: 18/24 MP: 6/6
  1473 | D:2      | Killed Robin
  1633 | D:2      | Reached skill level 1 in Fighting
  1836 | D:2      | Found Lufur's Weapon Shoppe.
  2109 | D:2      | Reached XP level 4. HP: 32/32 MP: 7/7
  2317 | D:3      | Identified the "Muyle"
  2431 | D:3      | Found a radiant altar of Vehumet.
  2446 | D:3      | Found an ancient bone altar of Kikubaaqudgha.
  2447 | D:3      | Found a shimmering blue altar of Sif Muna.
  3016 | D:3      | Found a bloodstained altar of Trog.
  3017 | D:3      | Noticed an arcanist
  3022 | D:3      | Killed an arcanist
  3116 | D:4      | Noticed Ijyb
  3124 | D:4      | Killed Ijyb
  3125 | D:4      | Reached skill level 1 in Ranged Weapons
  3125 | D:4      | Reached XP level 5. HP: 36/38 MP: 1/8
  3317 | D:4      | Found a stormy altar of Qazlal.
  3875 | D:5      | Entered Level 5 of the Dungeon
  3890 | D:5      | Gained mutation: When seriously injured, your blood forms
                  | thick armour. (AC +9) [demonic ancestry]
  3890 | D:5      | Reached XP level 6. HP: 44/44 MP: 7/10
  3921 | D:5      | Learned a level 2 spell: Wereblood
  4246 | D:5      | Reached skill level 1 in Transmutations
  4316 | D:5      | Noticed an orc warrior
  4346 | D:5      | Killed an orc warrior
  4347 | D:5      | Reached XP level 7. HP: 26/51 MP: 8/11
  5259 | D:6      | Noticed Pikel
  5285 | D:6      | Killed from afar by Pikel

Illustrated notes

Levels and vault maps discovered:
D:1:      reono_arrival_mine, layout_basic, nicolae_ecumenical_lake_church,
          hangedman_decor_growths
D:2:      layout_loops_ring, serial_shops, nicolae_shop_waterfront, uniq_robin
D:3:      layout_basic, grunt_temple_overflow_magic_moments, trog_wizard
D:4:      layout_loops_cross, nicolae_qazlal_scattered_showers,
          elyvilon_altar_3, uniq_ijyb
D:5:      layout_basic, guppyfry_early_orc_mine
D:6:      layout_cave_pools, temple_statues,
          nicolae_ossuary_entry_false_entrances, uniq_pikel, uniq_eustachio

Skill      XL: |  1  2  3  4  5  6  7 |
---------------+----------------------+-----
Stealth        | 2 3 |  3.3
Dodging        | 2 3 |  3.3
Fire Magic     | 3 |  3.9
Fighting       | 1 2 3 |  3.4
Ranged Weapons | 1 2 |  2.9
Conjurations   | 2 |  2.8
Transmutations | 1 2 |  2.1
Spellcasting   | 3 |  3.2

Action                     |  1- 3 |  4- 6 |  7- 9 || total
---------------------------+-------+-------+-------++-------
  Melee: Unarmed           |    12 |       |       ||    12
         Dagger            |       |       |    10 ||    10
   Fire: Sling             |    75 |    98 |    43 ||   216
   Cast: Foxfire           |    43 |     4 |     6 ||    53
         Scorch            |     3 |    13 |    12 ||    28
         Wereblood         |       |     1 |       ||     1
    Use: Potion            |     1 |       |     2 ||     3
         Scroll            |     5 |    10 |     1 ||    16
 Armour: Robe              |    21 |     8 |       ||    29
         Leather armour    |       |    19 |    24 ||    43
         Skin              |       |       |    17 ||    17
  Dodge: Dodged            |    23 |    24 |    25 ||    72

Table legend: (Time is in decaauts)
 A = Elapsed time spent in this place.
 B = Non-inter-level travel time spent in this place.
 C = Inter-level travel time spent in this place.
 D = Time resting spent in this place.
 E = Time spent auto-exploring this place.
 F = Levels seen in this place.
 G = Mean time per level.
                   A        B        C        D        E       F      G
               +--------+--------+--------+--------+--------+-----+--------+
         Total |   5359 |   5278 |     81 |    608 |   3769 |   6 |  893.2 |
       Dungeon |   5359 |   5278 |     81 |    608 |   3769 |   6 |  893.2 |
               +--------+--------+--------+--------+--------+-----+--------+

Top non-repeatable levels by time:
     D:1: 1452 daAuts
     D:5: 1401 daAuts
     D:2: 897 daAuts
     D:4: 822 daAuts
     D:3: 754 daAuts
     D:6: 32 daAuts
